 Dungeon Crawl Stone Soup version 0.16-a0-119-gc74d62a (webtiles) character file.

105 Deemzul the Insei (level 4, -5/32 HPs)
             Began as an Octopode Monk on Aug 12, 2014.
             Slain by a gnoll
             ... wielding a +0 spear
              (7 damage)
             ... on Level 2 of the Dungeon.
             The game lasted 00:02:09 (1351 turns).

Deemzul the Insei (Octopode Monk)                   Turns: 1351, Time: 00:02:09

HP  -5/32        AC  1     Str 10      XL: 4   Next: 83%
MP   4/4         EV 14     Int 12      God:
Gold 104         SH  0     Dex 15      Spells:  0 memorised,  3 levels left

rFire  + . .     SeeInvis .       - Unarmed
rCold  . . .     Clarity  .     (no shield)
rNeg   . . .     rCorr    .     (helmet restricted)
rPois  +         rRot     .     (no amulet)
rElec  .         Spirit   .     e - ring of protection from fire
SustAb .         Warding  .     f - ring of poison resistance
rMut   .         Stasis   .     (no ring)
Gourm  .                        (no ring)
MR     .....                    (no ring)
                                (no ring)
                                (no ring)
                                (no ring)

@: not resistant to hostile enchantments, stealthy
A: almost no armour, amphibious, 8 rings, constrict 8, camouflage 1, gelatinous
body 1
a: no special abilities


You were on level 2 of the Dungeon.
You were not hungry.

You visited 1 branch of the dungeon, and saw 2 of its levels.

You collected 104 gold pieces.

Inventory:

Comestibles
 b - 2 bread rations
 l - 2 fruits
 n - a royal jelly
 o - 3 meat rations
Scrolls
 a - 2 scrolls of enchant armour {unknown}
 c - 3 scrolls of identify {unknown}
 d - a scroll of recharging {unknown}
 i - a scroll of immolation {unknown}
 j - 2 scrolls of remove curse {unknown}
 k - a scroll of teleportation {unknown}
 p - a scroll of enchant weapon {unknown}
 s - a scroll of random uselessness {unknown}
Jewellery
 e - a ring of protection from fire (left tentacle)
 f - a ring of poison resistance (right tentacle)
Potions
 g - a potion of beneficial mutation {unknown}
 h - a potion of resistance {unknown}
 m - a potion of haste {unknown}
 q - a potion of curing {unknown}
 r - a potion of brilliance {unknown}
 t - a potion of restore abilities {unknown}


   Skills:
 + Level 3.6 Fighting
 + Level 3.7 Dodging
 + Level 3.7 Stealth
 * Level 4.8 Unarmed Combat


You had 3 spell levels left.
You didn't know any spells.

Dungeon Overview and Level Annotations

Branches:
Dungeon (2/15)

Altars:
Xom


Innate Abilities, Weirdness & Mutations

You cannot wear most types of armour.
You are amphibious.
You can wear up to eight rings at the same time.
You can use your tentacles to constrict many enemies at once.
Your skin changes colour to match your surroundings (Stealth).
Your rubbery body absorbs attacks (AC +1).


Message History

The gnoll is severely wounded.
You constrict the gnoll. The gnoll closely misses you.
The gnoll barely misses you.
Drink which item? (? for menu, Esc to quit)
Okay, then.
You tentacle-slap the gnoll.
The gnoll is almost dead.
You constrict the gnoll, but do no damage.
The gnoll closely misses you. The gnoll barely misses you.
You tentacle-slap the gnoll but do no damage.
The gnoll is almost dead.
You constrict the gnoll, but do no damage.
The gnoll hits you with a spear.
* * * LOW HITPOINT WARNING * * *
You tentacle-slap the gnoll but do no damage.
The gnoll is almost dead.
You constrict the gnoll.
You kill the gnoll!
The gnoll hits you from afar with a spear!
You die...

#.####...##.######.#
#.# #..............
##.# #...##.##......
..# #.###....)#.)..
#.# ##.###..^.)#.%..
#.###......._.()...(
#...........^.(..K..
#...#.##.#..........
#..@#.##.##..##.....
#..).>......# ##...#
...g....##.##. ##.##
.....#....#. .. #...
.....#.w..# ## #.##
..g #....# . # ..
....## #.#.# . .


You could see a worm and 2 gnolls.

Vanquished Creatures
  5 gnolls (D:2)
  An adder (D:1)
  3 giant geckos
  An ooze (D:1)
  2 giant cockroaches
  3 hobgoblins
  3 jackals (D:1)
  4 kobolds
  A quokka (D:2)
  3 ball pythons
  6 bats
  3 giant newts
  5 goblins
  4 rats
44 creatures vanquished.

Notes
Turn   | Place    | Note
--------------------------------------------------------------
     0 | D:1      | Deemzul, the Octopode Monk, began the quest for the Orb.
     0 | D:1      | Reached XP level 1. HP: 16/16 MP: 1/1
   142 | D:1      | Reached XP level 2. HP: 19/21 MP: 2/2
   488 | D:1      | Reached XP level 3. HP: 22/26 MP: 3/3
  1069 | D:2      | Found a shimmering altar of Xom.
  1102 | D:2      | Reached XP level 4. HP: 28/31 MP: 4/4
  1351 | D:2      | Slain by a gnoll

Action                   |  1- 3 |  4- 6 || total
-------------------------+-------+-------++-------
Melee: Unarmed           |    71 |    33 ||   104
 Stab: Sleeping          |     6 |       ||     6
  Eat: Chunk             |       |     1 ||     1
